 Dungeon Crawl Stone Soup version 0.27-a0-1248-g57ac2eb73c (webtiles) character file.

Game seed: 9412576265419833851

430 Kinoniko the Poker (level 6, -16/47 HPs)
             Began as a Demonspawn Berserker on June 10, 2021.
             Was a Believer of Trog.
             Demolished by an ogre
             ... wielding a +0 giant club
              (26 damage)
             ... on level 3 of the Dungeon.
             The game lasted 00:03:01 (3331 turns).

Kinoniko the Poker (Demonspawn Berserker)           Turns: 3331, Time: 00:03:01

Health: -16/47     AC:  9    Str: 19    XL:     6   Next: 66%
Magic:  6/6        EV: 11    Int:  8    God:    Trog [**....]
Gold:   119        SH:  0    Dex: 13    Spells: 5/5 levels left

rFire    . . .     SeeInvis +   k - +0 halberd
rCold    . . .     Faith    .   (shield currently unavailable)
rNeg     . . .     Spirit   .   m - +0 ring mail
rPois    .         Reflect  .   (helmet restricted)
rElec    .         Harm     .   (no cloak)
rCorr    .         Rampage  .   (no gloves)
Will     .....                  (no boots)
Stlth    +.........             (no amulet)
HPRegen  0.15/turn              i - ring of see invisible
MPRegen  0.10/turn              p - +4 ring of protection

@: on berserk cooldown, slowed, very slow
A: horns 1, powered by death 1
a: Renounce Religion, Berserk, Trog's Hand


You were on level 3 of the Dungeon.
You worshipped Trog.
Trog was pleased with you.
You visited 1 branch of the dungeon, and saw 3 of its levels.

You collected 119 gold pieces.

Inventory:

Hand Weapons
 a - a +0 spear
 k - a +0 halberd (weapon)
Missiles
 j - 2 throwing nets
Armour
 b - a +0 animal skin
 m - a +0 ring mail (worn)
Jewellery
 i - a ring of see invisible (left hand)
 p - a +4 ring of protection (right hand)
Scrolls
 d - 3 scrolls of identify {unknown}
 h - a scroll of fog {unknown}
 l - a scroll of teleportation {unknown}
 n - a scroll of torment {unknown}
 o - a scroll of immolation {unknown}
Potions
 c - a potion of degeneration {unknown}
 e - a potion of heal wounds {unknown}
 f - 3 potions of curing {unknown}
 g - a potion of brilliance {unknown}


   Skills:
 - Level 3.0 Fighting
 * Level 7.0 Polearms
 - Level 1.7 Armour
 - Level 1.7 Dodging


You had 5 spell levels left.
You didn't know any spells.
Your spell library was empty.

Dungeon Overview and Level Annotations

Branches:
Dungeon (3/15)

Altars:


Innate Abilities, Weirdness & Mutations

You have a pair of small horns on your head.
You regenerate a little health from kills.


Message History

You hear a shout! x2
The goblin hits you but does no damage.
You hit the goblin.
The goblin is moderately wounded.
A goblin comes into view. It is wielding a +0 dagger.
The goblin closely misses you. The goblin barely misses you.
You closely miss the goblin.
The goblin is moderately wounded.
The goblin hits you but does no damage. The goblin hits you but does no damage.
Items here: ))) [[.
The goblin hits you but does no damage.
You hit the goblin.
You kill the goblin!
Trog accepts your kill. The ogre hits you with a +0 giant club.
Your Polearms skill increases to level 7!
You barely miss the ogre. You headbutt the ogre.
The ogre is lightly wounded.
The ogre hits you with a +0 giant club!
You barely miss the ogre. Your headbutt misses the ogre.
The ogre is lightly wounded.
The ogre hits you but does no damage.
You barely miss the ogre.
The ogre is lightly wounded.
The ogre barely misses you. The ogre misses you.
You hit the ogre.
The ogre is moderately wounded.
The ogre hits you with a +0 giant club!!
* * * LOW HITPOINT WARNING * * *
You are too injured to fight recklessly!
You puncture the ogre!
The ogre is heavily wounded.
The ogre hits you with a +0 giant club.
* * * LOW HITPOINT WARNING * * *
You slash the ogre!
The ogre is almost dead.
The ogre hits you with a +0 giant club!!
Ouch! That really hurt!
You die...

# # # #. # . #
#'### #.#.# #.))#
#g# #O#
################@#
†................#
##################


You could see an ogre and a goblin.

Vanquished Creatures
  Sigmund (D:3)
  An ogre (D:2)
  A centaur skeleton (D:3)
  An orc wizard (D:3)
  5 adders
  3 gnolls (D:2)
  3 dart slugs
  4 orcs (D:3)
  4 bats
  2 endoplasms
  2 giant cockroaches (D:2)
  9 goblins
  4 hobgoblins
  3 jackals
  A quokka (D:3)
  4 ball pythons
  3 frilled lizards
  4 kobolds
  6 rats
61 creatures vanquished.

Notes
Turn   | Place    | Note
-------+----------+-------------------------------------------
     0 | D:1      | Kinoniko the Demonspawn Berserker began the quest for the
                  | Orb.
     0 | D:1      | Reached XP level 1. HP: 18/18 MP: 1/1
   330 | D:1      | Reached skill level 3 in Polearms
   396 | D:1      | Gained mutation: You have a pair of small horns on your
                  | head. [demonic ancestry]
   396 | D:1      | Reached XP level 2. HP: 23/24 MP: 2/2
  1197 | D:2      | Noticed an ogre
  1209 | D:2      | Killed an ogre
  1210 | D:2      | Reached skill level 4 in Polearms
  1210 | D:2      | Reached XP level 3. HP: 18/29 MP: 3/3
  1210 | D:2      | Reached XP level 4. HP: 22/35 MP: 4/4
  1484 | D:2      | Reached ** piety under Trog
  1485 | D:2      | Reached skill level 5 in Polearms
  1855 | D:2      | Reached XP level 5. HP: 12/41 MP: 5/5
  2118 | D:2      | Found a faded altar of an unknown god.
  3186 | D:3      | Reached skill level 6 in Polearms
  3295 | D:3      | Noticed Sigmund
  3306 | D:3      | Gained mutation: You regenerate a little health from kills.
                  | [demonic ancestry]
  3306 | D:3      | Reached XP level 6. HP: 47/47 MP: 6/6
  3310 | D:3      | Killed Sigmund
  3326 | D:3      | Reached skill level 7 in Polearms
  3331 | D:3      | Demolished by an ogre

Illustrated notes

Levels and vault maps discovered:
D:1:      dpeg_arrival_shelter, layout_basic, minmay_pentomino_x4
D:2:      layout_basic, basic_ecumenical_altar, guppyfry_early_lair_pool
D:3:      layout_basic, minmay_ogre_servants, uniq_sigmund

Skill      XL: |  1  2  3  4  5  6 |
---------------+-------------------+-----
Polearms       | 3 4 5 6 7 |  7.0
Fighting       | |  3.0
Armour         | |  1.7
Dodging        | |  1.7

Action                   |  1- 3 |  4- 6 || total
-------------------------+-------+-------++-------
Melee: Spear             |    57 |    50 ||   107
       Headbutt          |     2 |    21 ||    23
       Halberd           |       |    74 ||    74
Invok: Berserk           |     1 |     4 ||     5
 Stab: Sleeping          |     2 |       ||     2
Armor: Animal skin       |     5 |     2 ||     7
       Ring mail         |       |    34 ||    34
Dodge: Dodged            |    24 |    52 ||    76

Table legend: (Time is in decaauts)
 A = Elapsed time spent in this place.
 B = Non-inter-level travel time spent in this place.
 C = Inter-level travel time spent in this place.
 D = Time resting spent in this place.
 E = Time spent auto-exploring this place.
 F = Levels seen in this place.
 G = Mean time per level.
                   A        B        C        D        E       F      G
               +--------+--------+--------+--------+--------+-----+--------+
         Total |   3373 |   3298 |     75 |    477 |   2447 |   3 | 1124.3 |
       Dungeon |   3373 |   3298 |     75 |    477 |   2447 |   3 | 1124.3 |
               +--------+--------+--------+--------+--------+-----+--------+

Top non-repeatable levels by time:
     D:2: 1688 daAuts
     D:1: 1009 daAuts
     D:3: 675 daAuts
